 Dungeon Crawl Stone Soup version 0.29.1-1-gd02db6906a (webtiles) character file.

Game seed: 9246779264795259152

200 Sobieck the Trooper (level 5, -10/44 HPs)
             Began as a Palentonga Abyssal Knight on Sept 29, 2022.
             Was a Priest of Lugonu.
             Mangled by an ogre
             ... wielding a +0 giant club
              (24 damage)
             ... on level 4 of the Dungeon.
             The game lasted 00:05:27 (4263 turns).

Sobieck the Trooper (Palentonga Abyssal Knight)     Turns: 4263, Time: 00:05:28

Health: -10/44     AC: 13    Str: 20    XL:     5   Next: 48%
Magic:  7/7        EV:  2    Int: 11    God:    Lugonu [***...]
Gold:   144        SH:  0    Dex: 10    Spells: 4/4 levels left

rFire   . . .      SeeInvis +   a - +1 hand axe (venom) {axe}
rCold   . . .      Faith    .   (no shield)
rNeg    . . .      Spirit   .   p - +0 plate armour
rPois   .          Reflect  .   (no helmet)
rElec   .          Harm     .   (no cloak)
rCorr   .          Rampage  .   (no gloves)
Will    .....                   o - +0 barding
Stlth   ..........              (no amulet)
HPRegen 0.14/turn               (no ring)
MPRegen 0.10/turn               (no ring)

@: no status effects
A: large, rugged brown scales 3, see invisible, deformed body, roll 1, armoured
tail
a: Rolling Charge, Renounce Religion, Depart the Abyss, Bend Space, Banish


You were on level 4 of the Dungeon.
You worshipped Lugonu.
Lugonu was most pleased with you.
You visited 1 branch of the dungeon, and saw 4 of its levels.
You visited the Abyss 1 time.

You collected 144 gold pieces.


Innate Abilities, Weirdness & Mutations

You are completely covered in rugged brown scales. (AC +3, +7% HP)
You have supernaturally acute eyesight. (SInv)
Armour fits poorly on your strangely shaped body.
You can roll at nearby foes to attack.
You have a long armoured tail.


   Skills:
 + Level 3.8 Fighting
 + Level 3.0 Axes
 + Level 2.5 Armour
 + Level 2.1 Dodging
 + Level 3.2 Invocations


You had 4 spell levels left.
You didn't know any spells.
Your spell library contained the following spells:

 Spells                   Type           Power      Damage    Failure   Level
 Ensorcelled Hibernation  Hex/Ice        0%         N/A       100%        2
 Ignite Poison            Fire/Tmut/Pois 0%         N/A       100%        3
 Mephitic Cloud           Conj/Pois/Air  0%         N/A       100%        3
 Spider Form              Tmut/Pois      0%         N/A       100%        3
 Anguish                  Hex/Necr       0%         N/A       100%        4
 Animate Dead             Necr           0%         N/A       100%        4
 Freezing Cloud           Conj/Ice/Air   0%         6-21      100%        5
 Haunt                    Necr/Summ      0%         N/A       100%        7
 Infestation              Necr           0%         N/A       100%        8

Inventory:

Hand Weapons
 a - a +1 hand axe of venom (weapon) {axe}
 f - a +1 dagger of draining {short}
   (You found it on level 1 of the Dungeon)
Missiles
 d - 61 stones {throwing}
Armour
 b - a +0 leather armour
 o - a +0 barding (worn)
   (You found it on level 3 of the Dungeon)
 p - a +0 plate armour (worn)
   (You found it on level 2 of the Dungeon)
 r - a +0 chain mail
   (You took it off an orc on level 3 of the Dungeon)
 u - a +0 chain mail
   (You found it on level 4 of the Dungeon)
 v - a +0 leather armour
   (You found it on level 4 of the Dungeon)
Magical Staves
 g - a staff of conjuration {!a@e2staff}
   (You found it on level 4 of the Dungeon)
 m - a staff of death {!astaff}
   (You found it on level 3 of the Dungeon)
 t - a staff of fire {!astaff}
   (You found it on level 4 of the Dungeon)
Scrolls
 j - a scroll of amnesia
 l - a scroll of enchant armour {unknown}
 n - a scroll of identify {@r1}
 q - 2 scrolls of blinking {!r}
 s - a scroll of torment {unknown}
Potions
 c - 2 potions of attraction {unknown}
 e - a potion of magic
 h - a potion of resistance {unknown}
 i - a potion of berserk rage {unknown}
 k - 2 potions of degeneration {unknown}

Dungeon Overview and Level Annotations

Branches:
Dungeon (4/15) Zot: 19718
 Temple: D:4-7

Altars:
Sif Muna

#..# #..# #..
########..# #>.#
..........# #..#
#########.# #..#
........#.# #..#
#######.#.## #..#
#....###..##### #
#.........@O..# #
####...####†###.....
# #.>...## #.# ### #
#.##### #.####### #
#.# #........ # #.#
#=####### # #.# #.#
#####.#########.#
#...............#


You could see an ogre (extremely poisoned).


Message History

You hit the jackal.
The jackal is poisoned.
The jackal bites you but does no damage.
You hit the jackal but do no damage.
The jackal looks as sick as possible!
You kill the jackal!
Lugonu accepts your kill.
No target in view!
k - 2 lumpy pink potions A jackal comes into view.
Danger!
The jackal barks!
You roll forward with a clatter of scales!
You slash the jackal!
You kill the jackal!
Lugonu accepts your kill.
No target in view!
No target in view!
A jackal comes into view.
The jackal barks!
You see here a jackal corpse.
Danger!
You roll forward with a clatter of scales!
You closely miss the jackal.
The jackal bites you but does no damage. x2
You hit the jackal.
The jackal is poisoned.
You tail-slap the jackal.
The jackal bites you but does no damage.
You completely miss the jackal.
The jackal bites you but does no damage. x2
You barely miss the jackal. The jackal barely misses you.
The jackal bites you but does no damage.
You barely miss the jackal.
You kill the jackal!
Lugonu accepts your kill.
You now have 128 gold pieces (gained 18).
l - a scroll labelled UPLIVI ULUXKEEGU Unknown command.
You see here a jackal corpse.
n - a scroll of identify {@r1} Unknown command.
q - a scroll of blinking {!r} Unknown command.
s - a scroll labelled VEDDEH BIQUTH Unknown command.
t - a staff of fire {!astaff} Unknown command.
You now have 137 gold pieces (gained 9).
An endoplasm comes into view.
The endoplasm quivers.
Danger!
You roll forward with a clatter of scales!
You barely miss the endoplasm.
The endoplasm hits you but does no damage.
You hit the endoplasm.
You kill the endoplasm!
Lugonu accepts your kill.
No target in view!
No target in view!
c - 2 coppery potions (gained 1)
u - a +0 chain mail
q - 2 scrolls of blinking {!r} (gained 1)
v - a +0 leather armour You pick up a book of Death and begin reading...
You add the spells Animate Dead, Haunt and Infestation to your library.
Unknown command.
Found a stone staircase leading down.
Unknown command.
There is a stone staircase leading down here.
You now have 144 gold pieces (gained 7).
A quokka comes into view.
You see here a +6 ring of intelligence.
Danger!
You roll forward with a clatter of scales!
You hit the quokka.
The quokka is poisoned.
You punch the quokka.
You kill the quokka!
Lugonu accepts your kill.
You hear a shout!
A kobold comes into view. It is wielding a +0 dagger.
Found an escape hatch in the floor.
The kobold hits you but does no damage.
You see here a quokka corpse.
You barely miss the kobold. The kobold hits you but does no damage.
You closely miss the kobold.
An ogre comes into view. It is wielding a +0 giant club.
The kobold hits you but does no damage. x2
You hit the kobold.
You kill the kobold!
Lugonu accepts your kill.
The ogre hits you with a +0 giant club!!
Things that are here:
a +0 dagger {short}; a kobold corpse You are too injured to fight recklessly!
Unknown command.
You hit the ogre.
The ogre is poisoned.
Unknown command.
You hit the ogre.
The ogre looks as sick as possible!
You tail-slap the ogre! You punch the ogre.
The ogre hits you with a +0 giant club!
* * * LOW HITPOINT WARNING * * *
Unknown command.
The ogre attacks as you move away!
The ogre hits you with a +0 giant club!!
Ouch! That really hurt!
You die...

Skill      XL: |  1  2  3  4 |
---------------+-------------+-----
Dodging        | 1 2 |  2.1
Armour         | 2 |  2.5
Invocations    | 3 |  3.2
Axes           | 3 |  3.0
Fighting       | |  3.8

Action                   |  1- 3 |  4- 6 || total
-------------------------+-------+-------++-------
Melee: Hand axe          |    85 |    84 ||   169
       Tailslap          |     9 |     8 ||    17
       Punch             |     1 |     2 ||     3
 Abil: Rolling Charge    |    25 |    17 ||    42
  Use: Scroll            |       |     7 ||     7
       Potion            |       |     2 ||     2
Armor: Leather armour    |    20 |       ||    20
       Plate armour      |     3 |    64 ||    67
Dodge: Dodged            |    22 |     8 ||    30

Levels and vault maps discovered:
D:1:      psy_arrival_conway, layout_basic,
          hellmonk_ecumenical_altar_pennies_from_heaven
D:2:      layout_basic, kennysheep_boxes
D:3:      layout_basic, marbit_many_paths
D:4:      layout_loops_ring

Notes
Turn   | Place    | Note
-------+----------+-------------------------------------------
     0 | Abyss:1  | Sobieck the Palentonga Abyssal Knight began the quest for
                  | the Orb.
     0 | Abyss:1  | Reached XP level 1. HP: 19/19 MP: 2/2
    19 | D:1      | You pass through the gate.
    19 | D:1      | Escaped the Abyss
   190 | D:1      | Reached skill level 1 in Dodging
   411 | D:1      | Reached XP level 2. HP: 22/25 MP: 3/3
   610 | D:1      | Found a faded altar of an unknown god.
   888 | D:1      | Reached *** piety under Lugonu
  1317 | D:2      | Reached XP level 3. HP: 13/31 MP: 4/4
  1568 | D:2      | You pick up a book of Dreams and begin reading...
  1568 | D:2      | You add the spells Ensorcelled Hibernation, Spider Form and
                  | Anguish to your library.
  1711 | D:3      | Reached skill level 2 in Armour
  2187 | D:2      | You add the spells Ignite Poison, Mephitic Cloud and
                  | Freezing Cloud to your library.
  2457 | D:2      | Reached XP level 4. HP: 15/37 MP: 4/6
  2983 | D:3      | Found a shimmering blue altar of Sif Muna.
  3490 | D:3      | Reached skill level 3 in Invocations
  3795 | D:4      | Noticed a phantom
  3823 | D:3      | Killed a phantom
  3824 | D:3      | Reached skill level 3 in Axes
  3824 | D:3      | Reached skill level 2 in Dodging
  3824 | D:3      | Reached XP level 5. HP: 18/44 MP: 7/7
  4203 | D:4      | You pick up a book of Death and begin reading...
  4203 | D:4      | You add the spells Animate Dead, Haunt and Infestation to
                  | your library.
  4258 | D:4      | Noticed an ogre
  4263 | D:4      | Mangled by an ogre

Vanquished Creatures
  A phantom (D:3)
  4 gnolls (D:2)
  2 adders (D:3)
  A worm (D:2)
  2 dart slugs
  5 orcs (D:3)
  8 ball pythons
  4 endoplasms
  4 hobgoblins
  6 jackals
  A quokka (D:4)
  3 bats
  3 frilled lizards (D:3)
  5 goblins
  6 kobolds
  6 rats
61 creatures vanquished.

Table legend:
 A = Non-vault XP
 B = Vault XP
 C = Vault XP percentage of total XP
 D = Non-vault monster count
 E = Vault monster count
 F = Vault count percentage of total count
                 A         B        C        D         E       F
            +---------+---------+-------+---------+---------+-------
      Total |     284 |       2 |   0.7 |      60 |       1 |   1.6
            +---------+---------+-------+---------+---------+-------
        D:1 |      37 |       0 |   0.0 |      24 |       0 |   0.0
        D:2 |      65 |       0 |   0.0 |       8 |       0 |   0.0
        D:3 |     168 |       2 |   1.2 |      21 |       1 |   4.5
        D:4 |      14 |       0 |   0.0 |       7 |       0 |   0.0
            +---------+---------+-------+---------+---------+-------

Illustrated notes

Table legend:
 A = Kills in this place as a percentage of kills in entire the game.
 B = Kills by you in this place as a percentage of kills by you in the entire game.
 C = Kills by friends in this place as a percentage of kills by friends in the entire game.
 D = Other kills in this place as a percentage of other kills in the entire game.
 E = Experience gained in this place as a percentage of experience gained in the entire game.
 F = Experience gained in this place divided by the number of levels of this place that you have seen.
                   A       B       C       D       E      F
               +-------+-------+-------+-------+-------+----------------------
         Total | 100.0 | 100.0 |   N/A |   N/A | 100.0 |  57.2
       Dungeon | 100.0 | 100.0 |   N/A |   N/A | 100.0 |  71.5
               +-------+-------+-------+-------+-------+----------------------

Table legend: (Time is in decaauts)
 A = Elapsed time spent in this place.
 B = Non-inter-level travel time spent in this place.
 C = Inter-level travel time spent in this place.
 D = Time resting spent in this place.
 E = Time spent auto-exploring this place.
 F = Levels seen in this place.
 G = Mean time per level.
                   A        B        C        D        E       F      G
               +--------+--------+--------+--------+--------+-----+--------+
         Total |   4300 |   4196 |    104 |    994 |   2680 |   5 |  860.0 |
       Dungeon |   4281 |   4177 |    104 |    994 |   2680 |   4 | 1070.2 |
         Abyss |     19 |     19 |      0 |      0 |      0 |   1 |   19.0 |
               +--------+--------+--------+--------+--------+-----+--------+

Top non-repeatable levels by time:
     D:1: 1473 daAuts
     D:3: 1425 daAuts
     D:2: 1096 daAuts
     D:4: 286 daAuts
 Abyss:1: 19 daAuts
